 Dungeon Crawl Stone Soup version 0.27-a0-797-g27d10ad80f (console) character file.

Game seed: 3223366379410209349

134 jejorda2 the Poker (level 5, -1/42 HPs)
             Began as a Merfolk Berserker on Mar 26, 2021.
             Was a Believer of Trog.
             Slain by a white imp (5 damage)
             ... on level 4 of the Dungeon on Mar 27, 2021.
             The game lasted 00:04:29 (2275 turns).

jejorda2 the Poker (Merfolk Berserker)              Turns: 2275, Time: 00:04:30

Health: -1/42      AC: 10    Str: 18    XL:     5   Next: 17%
Magic:  5/5        EV:  8    Int:  6    God:    Trog [**....]
Gold:   121        SH:  5    Dex: 14    Spells: 4/4 levels left

rFire    . . .     SeeInvis .   a - +0 trident
rCold    . . .     Faith    .   (no shield)
rNeg     . . .     Spirit   .   o - +0 chain mail
rPois    .         Reflect  +   (no helmet)
rElec    .         Harm     .   (no cloak)
rCorr    .         Rampage  .   c - +1 pair of gloves
Will     .....                  (no boots)
Stlth    ..........             k - amulet of reflection
HPRegen  0.14/turn              (no ring)
MPRegen  0.09/turn              (no ring)

@: no status effects
A: (nimble swimmer 2), mertail
a: Renounce Religion, Berserk, Trog's Hand


You were on level 4 of the Dungeon.
You worshipped Trog.
Trog was pleased with you.
You visited 1 branch of the dungeon, and saw 4 of its levels.

You collected 121 gold pieces.

Inventory:

Hand Weapons
 a - a +0 trident (weapon)
Armour
 c - a +1 pair of gloves (worn)
 m - a +0 scale mail
 o - a +0 chain mail (worn)
Jewellery
 k - an amulet of reflection (around neck)
Scrolls
 d - a scroll of fear {unknown}
 e - a scroll of immolation {unknown}
 i - a scroll of silence {unknown}
 j - 2 scrolls of identify {unknown}
 l - a scroll of blinking {unknown}
 n - a scroll of fog {unknown}
 p - a scroll of teleportation {unknown}
 q - a scroll of vulnerability {unknown}
Potions
 b - a potion of invisibility {unknown}
 f - a potion of heal wounds {unknown}
 g - a potion of lignification {unknown}
 h - a potion of might {unknown}
 r - a potion of curing {unknown}
 s - a potion of haste {unknown}


   Skills:
 + Level 4.2 Fighting
 * Level 6.6 Polearms
 + Level 2.2 Armour
 - Level 2.6 Dodging


You had 4 spell levels left.
You didn't know any spells.
Your spell library was empty.

Dungeon Overview and Level Annotations

Branches:
Dungeon (4/15)
 Temple: D:4-7

Altars:
Ashenzari
Cheibriados
Dithmenos
Fedhas
Okawaru
Qazlal
Trog


Innate Abilities, Weirdness & Mutations

((You are quick and stealthy while swimming. (Stealth+, EV+, Speed+++)))
Your lower body shifts to a powerful aquatic tail in water.


Message History

The white imp hits you but does no damage.
The orc priest barely misses you.
You puncture the orc priest!
The orc priest is severely wounded.
The white imp barely misses you.
The orc priest miscasts a cantrip.
Your chain mail prevents you from hitting the orc priest.
The orc priest is severely wounded.
The white imp hits you but does no damage.
The orc priest hits you but does no damage.
You barely miss the orc priest.
The orc priest is severely wounded.
The white imp gestures at you. The puff of frost hits you!
The orc priest barely misses you.
You hit the orc priest.
The orc priest is almost dead.
The white imp hits you. The white imp freezes you.
The orc priest mumbles some strange prayers to Beogh against you.
You barely resist.
You are too injured to fight recklessly!
You are too injured to fight recklessly!
You are too injured to fight recklessly!
You are too injured to fight recklessly!
You puncture the orc priest!
You kill the orc priest!
Trog accepts your kill. The white imp hits you. The white imp freezes you.
You have reached level 5!
You feel agile.
You hit the white imp.
The white imp is lightly wounded.
The white imp gestures at you. The puff of frost hits you!
* * * LOW HITPOINT WARNING * * *
You hit the white imp but do no damage.
The white imp is lightly wounded.
The white imp hits you.
* * * LOW HITPOINT WARNING * * *
The white imp freezes you.
You die...

#.....####
...##...## ....
..#####..##### ....
.# ##..)..# ..... .
##.)...## .....
#.......### ......
##.........##......
#...........5#.....
#..........@)......
#.........##.......
##........# ..#..##
#####......### ##
###..### ..## .###
#


You could see a white imp.

Vanquished Creatures
  An orc priest (D:4)
  5 adders (D:2)
  2 dart slugs
  6 orcs
  3 endoplasms
  3 giant cockroaches
  6 goblins
  3 hobgoblins
  2 quokkas (D:1)
  4 ball pythons
  3 bats
  3 frilled lizards
  8 kobolds
  3 rats
52 creatures vanquished.

Vanquished Creatures (others)
  5 toadstools (D:1)
5 creatures vanquished.

Grand Total: 57 creatures vanquished

Notes
Turn   | Place    | Note
-------+----------+-------------------------------------------
     0 | D:1      | jejorda2 the Merfolk Berserker began the quest for the Orb.
     0 | D:1      | Reached XP level 1. HP: 18/18 MP: 1/1
   293 | D:1      | Reached XP level 2. HP: 24/24 MP: 2/2
   436 | D:1      | Reached skill level 5 in Polearms
   760 | D:1      | Upgraded the game from 0.27-a0-789-g6bb3289e1e to
                  | 0.27-a0-797-g27d10ad80f
   779 | D:2      | Found a blossoming altar of Fedhas.
   831 | D:2      | Found a bloodstained altar of Trog.
   892 | D:2      | Found an iron altar of Okawaru.
   988 | D:2      | Reached XP level 3. HP: 28/29 MP: 3/3
  1018 | D:2      | Reached ** piety under Trog
  1052 | D:2      | Found a broken altar of Ashenzari.
  1270 | D:2      | Reached XP level 4. HP: 34/37 MP: 4/4
  1274 | D:2      | Reached skill level 6 in Polearms
  1529 | D:2      | Found a shadowy altar of Dithmenos.
  1530 | D:2      | Found a snail-covered altar of Cheibriados.
  1530 | D:2      | Found a stormy altar of Qazlal.
  1600 | D:2      | Found a faded altar of an unknown god.
  2274 | D:4      | Reached XP level 5. HP: 17/42 MP: 5/5
  2275 | D:4      | Slain by a white imp

Illustrated notes

Levels and vault maps discovered:
D:1:      ldierk_walled_garden, layout_loops_ring, chequers_avenue
D:2:      layout_rooms, fedhas_altar_2, nicolae_overflow_crystal_walls,
          gammafunk_temple_overflow_claw, lemuel_doored_altar,
          chequers_ecumenical_altar_simple_redux, kennysheep_okawaru_gauntlet
D:3:      layout_rooms
D:4:      layout_cave_pods, minmay_goblin_outpost

Skill      XL: |  1  2  3  4 |
---------------+-------------+-----
Polearms       | 5 6 |  6.6
Armour         | 2 |  2.2
Fighting       | 4 |  4.2
Dodging        | |  2.6

Action                   |  1- 3 |  4- 6 || total
-------------------------+-------+-------++-------
Melee: Spear             |    69 |       ||    69
       Trident           |    21 |    82 ||   103
Invok: Berserk           |     1 |       ||     1
Armor: Ring mail         |    16 |     7 ||    23
       Chain mail        |       |     7 ||     7
       Scale mail        |       |     5 ||     5
Dodge: Dodged            |    35 |    23 ||    58
Block: Other             |     7 |    12 ||    19
       Reflection        |     1 |       ||     1

Table legend: (Time is in decaauts)
 A = Elapsed time spent in this place.
 B = Non-inter-level travel time spent in this place.
 C = Inter-level travel time spent in this place.
 D = Time resting spent in this place.
 E = Time spent auto-exploring this place.
 F = Levels seen in this place.
 G = Mean time per level.
                   A        B        C        D        E       F      G
               +--------+--------+--------+--------+--------+-----+--------+
         Total |   2268 |   2197 |     71 |     36 |   1749 |   4 |  567.0 |
       Dungeon |   2268 |   2197 |     71 |     36 |   1749 |   4 |  567.0 |
               +--------+--------+--------+--------+--------+-----+--------+

Top non-repeatable levels by time:
     D:2: 862 daAuts
     D:1: 817 daAuts
     D:3: 479 daAuts
     D:4: 109 daAuts
